 Dungeon Crawl Stone Soup version 0.26.0-45-g9c1d065592 (webtiles) character file.

Game seed: 5793673364728549722

826 kaeus the Covert (level 7, -1/49 HPs)
             Began as an Octopode Monk on Jan 28, 2021.
             Was a Priest of Dithmenos.
             Slain by an orc wizard
             ... wielding a +0 dagger
              (7 damage)
             ... on level 4 of the Dungeon.
             The game lasted 00:03:45 (4432 turns).

kaeus the Covert (Octopode Monk)                    Turns: 4432, Time: 00:03:45

Health: -1/49      AC:  1    Str: 10    XL:     7   Next: 96%
Magic:  7/7        EV: 16    Int: 12    God:    Dithmenos [***...]
Gold:   267        SH:  0    Dex: 17    Spells: 6/6 levels left

rFire    . . .     SeeInvis .   i - +2 dagger (holy)
rCold    . . .     Faith    .   (no shield)
rNeg     . . .     Spirit   .   (helmet restricted)
rPois    .         Reflect  .   (no amulet)
rElec    .         Harm     .   (no ring)
rCorr    .         Rampage  .   (no ring)
Will     .....                  (no ring)
Stlth    +++++++...             (no ring)
HPRegen  0.16/turn              (no ring)
MPRegen  0.10/turn              (no ring)
                                (no ring)
                                (no ring)

@: wreathed by umbra
A: almost no armour, stealthy swim, amphibious, 8 rings, constrict 8, camouflage
1, gelatinous body 1
a: Renounce Religion, Shadow Step


You were on level 4 of the Dungeon.
You worshipped Dithmenos.
Dithmenos was most pleased with you.
You visited 1 branch of the dungeon, and saw 5 of its levels.

You collected 267 gold pieces.

Inventory:

Hand Weapons
 i - a +2 dagger of holy wrath (weapon)
Jewellery
 h - an uncursed ring of fire
Wands
 j - a wand of acid (7)
 l - a wand of paralysis (9)
 r - a wand of polymorph (4)
Scrolls
 a - 2 scrolls of magic mapping
 e - 5 scrolls of teleportation
 g - 3 scrolls of enchant armour
 k - a scroll of immolation {unknown}
 n - a scroll of fear {unknown}
 p - a scroll of random uselessness {unknown}
Potions
 b - 2 potions of heal wounds
 c - a potion of degeneration
 d - a potion of cancellation {unknown}
 f - 3 potions of berserk rage
 m - a potion of resistance
 o - a potion of curing
 q - a potion of brilliance


   Skills:
 + Level 4.8 Fighting
 + Level 4.9 Short Blades
 + Level 4.8 Dodging
 * Level 8.1 Stealth


You had 6 spell levels left.
You didn't know any spells.
Your spell library contained the following spells:

 Spells                   Type           Power        Failure   Level
 Sandblast                Erth           0%           32%         1


Dungeon Overview and Level Annotations

Branches:
Dungeon (5/15)
 Temple: D:4-7

Altars:
Dithmenos
Fedhas
Ru
Sif Muna


Innate Abilities, Weirdness & Mutations

You cannot wear most types of armour.
You are very stealthy in the water. (Stealth+)
You are amphibious.
You can wear up to eight rings at the same time.
You can use your tentacles to constrict eight enemies at once.
Your skin changes colour to match your surroundings (Stealth+).
Your rubbery body absorbs attacks. (AC +1, EV +1)


Message History

Something hits you.
You take 2 damage, and have 29/49 hp.
You hear some strange, mumbled words.
A puff of flame appears from out of thin air!
The puff of flame hits you!
You take 11 damage, and have 18/49 hp.
MASSIVE DAMAGE!!
There is a stone staircase leading up here.
Something hits you. Something barely misses you.
You climb upwards.
Reactivating autopickup.
There is a stone staircase leading down here.
You take 4 damage, and have 15/49 hp.
You hear some strange, mumbled words.
A magic dart appears from out of thin air!
Deactivating autopickup; reactivate with Ctrl-A.
The magic dart hits you!
* * * LOW HITPOINT WARNING * * *
You take 9 damage, and have 6/49 hp.
Something hits you!
You die...

.........###..##
#.......##..##
.........###.#.##
##.....(....##
.........##.....##
#...........#
........###......#
#............
........##.#.....##
##...........
.......###........#
#...........
......###.#.......##
#...........
......###..........#
##..........
...).....#.....>@..##
##........#
....#.......<.......#
#.......##
#...####............#
##....### #..##
#............##
##..## # ####
#.............# ##.##
### ##...........###
##.## ##..
#..........### ##.##
#... #.......####
###.## #... ###
###.##### ##..###
####


There were no monsters in sight!

Vanquished Creatures
  A phantom (D:3)
  A bullfrog (D:4)
  3 scorpions (D:4)
  An orc priest (D:4)
  A hound (D:4)
  6 orc wizards
  A centaur skeleton (D:3)
  A bullfrog skeleton (D:4)
  An iguana (D:4)
  A worker ant (D:4)
  5 adders
  An ooze (D:2)
  2 worms
  6 dart slugs
  6 leopard geckos
  23 orcs
  4 ball pythons
  2 bats (D:1)
  3 giant cockroaches
  13 goblins
  4 hobgoblins
  11 kobolds
  A quokka (D:4)
  4 frilled lizards
  9 rats
111 creatures vanquished.

Notes
Turn   | Place    | Note
-------+----------+-------------------------------------------
     0 | D:1      | kaeus the Octopode Monk began the quest for the Orb.
     0 | D:1      | Reached XP level 1. HP: 16/16 MP: 1/1
    97 | D:1      | Reached skill level 3 in Stealth
    97 | D:1      | Reached XP level 2. HP: 21/21 MP: 2/2
   211 | D:1      | Reached XP level 3. HP: 26/26 MP: 3/3
   860 | D:2      | Reached skill level 4 in Stealth
   911 | D:2      | Reached XP level 4. HP: 31/31 MP: 4/4
  1534 | D:2      | Found a blossoming altar of Fedhas.
  1711 | D:2      | Found a sacrificial altar of Ru.
  1915 | D:3      | Reached skill level 5 in Stealth
  1915 | D:3      | Reached XP level 5. HP: 25/37 MP: 5/5
  2113 | D:3      | Found a shadowy altar of Dithmenos.
  2115 | D:3      | Found a shimmering blue altar of Sif Muna.
  2137 | D:3      | Identified Sif Muna's Guide on Earth
  2362 | D:3      | Became a worshipper of Dithmenos the Shadowed
  2362 | D:3      | Reached * piety under Dithmenos
  2362 | D:3      | Reached ** piety under Dithmenos
  2537 | D:3      | Reached XP level 6. HP: 43/43 MP: 6/6
  2578 | D:3      | Noticed a phantom
  2583 | D:3      | Killed a phantom
  2584 | D:3      | Reached skill level 6 in Stealth
  3177 | D:4      | Reached XP level 7. HP: 43/48 MP: 7/7
  3413 | D:4      | Reached skill level 7 in Stealth
  3923 | D:4      | Found a shadowy altar of Dithmenos.
  4180 | D:4      | Reached skill level 8 in Stealth
  4370 | D:5      | Entered Level 5 of the Dungeon
  4407 | D:5      | Reached *** piety under Dithmenos
  4432 | D:4      | Slain by an orc wizard

Illustrated notes

Levels and vault maps discovered:
D:1:      minmay_arrival_open_corners, layout_loops_ring, minmay_3d_cube
D:2:      layout_loops_ring, fedhas_altar_fruit_tree,
          lemuel_coloured_pillars_altar
D:3:      layout_loops_ring, lemuel_crystal_altar, led_sif_book, minivault_14
D:4:      layout_cave_pods, nicolae_dithmenos_shadow_blocks
D:5:      cheibrodos_fzero, layout_loops_ring, grunt_temple_overflow_open,
          basic_altar

Skill      XL: |  1  2  3  4  5  6  7 |
---------------+----------------------+-----
Stealth        | 3 4 5 6 8 |  8.1
Fighting       | 4 |  4.8
Short Blades   | 4 |  4.9
Dodging        | 4 |  4.8

Action                   |  1- 3 |  4- 6 |  7- 9 || total
-------------------------+-------+-------+-------++-------
Melee: Short sword       |    28 |       |       ||    28
       Tentacles         |     7 |    25 |    21 ||    53
       Constrict         |     8 |    22 |    15 ||    45
       Dagger            |    17 |   112 |    71 ||   200
  Use: Scroll            |       |       |     9 ||     9
 Stab: Sleeping          |    16 |    22 |     6 ||    44
       Distracted        |       |     2 |       ||     2
Armor: Skin              |     3 |     1 |     2 ||     6
Dodge: Dodged            |    17 |    58 |    41 ||   116
